FSL
DAYTONA BEACH ISLANDERS @ FORT MYERS PALMS
07/28/1982
 
TOP OF THE 1ST
Daytona Beach Islanders batting - Pitching for Fort Myers Palms : RHP David LaBounty
Pitching: RHP David LaBounty
Batting: SHB Michael Frierson 0-0: Ball
1-0: Called Strike
1-1: Called Strike
1-2: Foul Ball, location: 2F
1-2: Ball
2-2: Strikes out swinging, 2-3 out at first.
Batting: RHB Juan Salinas 0-0: Called Strike
0-1: Ball
1-1: Ball
2-1: Foul Ball, location: 2F
2-2: Ball
3-2: Strikes out swinging
Batting: LHB Jim Eppard 0-0: Swinging Strike
0-1: Ball
1-1: Ball
2-1: Ball
3-1: Base on Balls
Batting: RHB Gary Kempton 0-0: Ball
1-0: Ball
2-0: SINGLE (Line Drive, 78S, EV 103.8 MPH)
Jim Eppard to second
Runner from 2nd tries for 3rd, SAFE, throw by LF made to third
Batting: RHB Jeff Rutledge 0-0: Fielders Choice at 2nd, U4 (Groundball, 4M, EV 78.8 MPH)
Top of the 1st over - 0 runs, 1 hit, 0 errors, 2 left on base; Daytona Beach 0 - Fort Myers 0
BOTTOM OF THE 1ST
Fort Myers Palms batting - Pitching for Daytona Beach Islanders : RHP Steven Christison
Pitching: RHP Steven Christison
Batting: RHB Stanley Baker 0-0: Called Strike
0-1: Foul Ball, location: 2F
0-2: Ball
1-2: Foul Ball, location: 2F
1-2: Fly out, F5 (Line Drive, 5, EV 63.8 MPH)
Batting: RHB Johnny Evans 0-0: Called Strike
0-1: Ball
1-1: Ball
2-1: Foul Ball, location: 2F
2-2: Foul Ball, location: 2F
2-2: Ball
3-2: Base on Balls
Batting: LHB Gus Burgess 0-0: Called Strike
0-1: Swinging Strike
0-2: Foul Ball, location: 2F
0-2: Fly out, F6 (Popup, 6MD, EV 67.5 MPH)
Batting: LHB James Atkinson 0-0: Called Strike
0-1: Ball
1-1: Fly out, F8 (Line Drive, 8LM, EV 92.5 MPH)
Bottom of the 1st over - 0 runs, 0 hits, 0 errors, 1 left on base; Daytona Beach 0 - Fort Myers 0
TOP OF THE 2ND
Daytona Beach Islanders batting - Pitching for Fort Myers Palms : RHP David LaBounty
Batting: RHB Kalvin Adams 0-0: Called Strike
0-1: Foul Ball, location: 2F
0-2: Foul Ball, location: 2F
0-2: SINGLE (Line Drive, 8LS, EV 101.9 MPH)
Batting: RHB Francisco Gonzalez 0-0: Called Strike
0-1: Ball
1-1: Fielders Choice at 2nd, 2-4 (Groundball, 2L, EV 65.6 MPH)
Batting: RHB Columbus Duncan 0-0: DOUBLE (Flyball, 8RXD, EV 91.9 MPH)
Francisco Gonzalez to third
Runner from 3rd tries for Home, SAFE, no throw by CF
Batting: RHB Robert Whitfield 0-0: Ball
1-0: Foul Ball, location: 2F
1-1: Ball
2-1: Ball
3-1: Swinging Strike
3-2: Ground out 5-3 (Groundball, 56, EV 100.0 MPH)
Batting: SHB Michael Frierson 0-0: Swinging Strike
0-1: Ball
1-1: Foul Ball, location: 2F
1-2: SINGLE (Groundball, 6M, EV 102.5 MPH) (infield hit)
Columbus Duncan to third
Batting: RHB Juan Salinas 0-0: Ball
Wild Pitch!
Columbus Duncan scores
Michael Frierson to second
1-0: Fly out, F4 (Popup, 23, EV 91.9 MPH)
Top of the 2nd over - 2 runs, 3 hits, 0 errors, 1 left on base; Daytona Beach 2 - Fort Myers 0
BOTTOM OF THE 2ND
Fort Myers Palms batting - Pitching for Daytona Beach Islanders : RHP Steven Christison
Batting: RHB Lindon Duncan 0-0: Foul Ball, location: 2F
0-1: Ball
1-1: Ball
2-1: Called Strike
2-2: Ball
3-2: Strikes out swinging
Batting: RHB Matt Sinatro 0-0: Swinging Strike
0-1: Called Strike
0-2: Strikes out swinging
Batting: RHB Carl Nichols 0-0: Called Strike
0-1: Foul Ball, location: 2F
0-2: Ball
1-2: Foul Ball, location: 2F
1-2: Foul Ball, location: 2F
1-2: Fly out, F8 (Flyball, 8LD, EV 90.6 MPH)
Bottom of the 2nd over - 0 runs, 0 hits, 0 errors, 0 left on base; Daytona Beach 2 - Fort Myers 0
TOP OF THE 3RD
Daytona Beach Islanders batting - Pitching for Fort Myers Palms : RHP David LaBounty
Batting: LHB Jim Eppard 0-0: Ball
1-0: Ball
2-0: Swinging Strike
2-1: Foul Ball, location: 2F
2-2: Ball
3-2: Fly out, F7 (Flyball, 78S, EV 98.1 MPH)
Batting: RHB Gary Kempton 0-0: Called Strike
0-1: Ball
1-1: Swinging Strike
1-2: Ball
2-2: Foul Ball, location: 2F
2-2: Strikes out looking
Batting: RHB Jeff Rutledge 0-0: Ball
1-0: Fly out, F9 (Line Drive, 9, EV 108.1 MPH)
Top of the 3rd over - 0 runs, 0 hits, 0 errors, 0 left on base; Daytona Beach 2 - Fort Myers 0
BOTTOM OF THE 3RD
Fort Myers Palms batting - Pitching for Daytona Beach Islanders : RHP Steven Christison
Batting: RHB Jay Greb 0-0: Ball
1-0: Called Strike
1-1: Foul Ball, location: 2F
1-2: Strikes out looking
Batting: SHB Porter Wyatt 0-0: Ball
1-0: Ball
2-0: Called Strike
2-1: SINGLE (Groundball, 25, EV 70.6 MPH) (infield hit)
Batting: RHB Stanley Baker 0-0: Ball
1-0: Ball
2-0: Ball
3-0: Called Strike
3-1: Base on Balls
Porter Wyatt to second
Batting: RHB Johnny Evans 0-0: Foul Ball, location: 2F
0-1: Ball
Porter Wyatt steals 3rd base
Stanley Baker to second
1-1: Foul Ball, location: 2F
1-2: Ground out 5-3 (Groundball, 56, EV 104.4 MPH)
Porter Wyatt scores
Batting: LHB Gus Burgess 0-0: Ball
1-0: Foul Ball, location: 2F
1-1: Fly out, F9 (Flyball, 9LS, EV 89.4 MPH)
Bottom of the 3rd over - 1 run, 1 hit, 0 errors, 1 left on base; Daytona Beach 2 - Fort Myers 1
TOP OF THE 4TH
Daytona Beach Islanders batting - Pitching for Fort Myers Palms : RHP David LaBounty
Batting: RHB Kalvin Adams 0-0: SINGLE (Groundball, 6MD, EV 96.3 MPH)
Batting: RHB Francisco Gonzalez 0-0: Called Strike
0-1: Ball
1-1: Ball
2-1: Ball
3-1: Called Strike
3-2: Foul Ball, location: 2F
3-2: Fly out, F8 (Flyball, 8LD, EV 84.4 MPH)
Batting: RHB Columbus Duncan 0-0: Foul Ball, location: 2F
0-1: Called Strike
0-2: Foul Ball, location: 2F
0-2: Ball
1-2: Strikes out swinging
Batting: RHB Robert Whitfield 0-0: Ball
1-0: Foul Ball, location: 2F
1-1: Ball
2-1: Foul Ball, location: 2F
2-2: Foul Ball, location: 2F
2-2: Ground out 4-3 (Groundball, 4, EV 84.4 MPH)
Top of the 4th over - 0 runs, 1 hit, 0 errors, 1 left on base; Daytona Beach 2 - Fort Myers 1
BOTTOM OF THE 4TH
Fort Myers Palms batting - Pitching for Daytona Beach Islanders : RHP Steven Christison
Batting: LHB James Atkinson 0-0: Ball
1-0: Ball
2-0: Called Strike
2-1: Ball
3-1: Swinging Strike
3-2: Base on Balls
Batting: RHB Lindon Duncan 0-0: Called Strike
0-1: Swinging Strike
0-2: Ball
1-2: Ball
2-2: Foul Ball, location: 2F
2-2: Ball
3-2: Foul Ball, location: 2F
3-2: Base on Balls
James Atkinson to second
Batting: RHB Matt Sinatro 0-0: Ball
1-0: Called Strike
1-1: SINGLE (Line Drive, 8LS, EV 93.8 MPH)
James Atkinson to third
Lindon Duncan to second
Batting: RHB Carl Nichols 0-0: Ball
1-0: Called Strike
1-1: Ball
2-1: Foul Ball, location: 2F
2-2: Ball
3-2: DOUBLE (Line Drive, 78D, EV 109.4 MPH)
James Atkinson scores
Lindon Duncan scores
Matt Sinatro to third
Batting: RHB Jay Greb 0-0: Called Strike
0-1: Foul Ball, location: 2F
0-2: Hit by Pitch
Batting: SHB Porter Wyatt 0-0: SINGLE (Groundball, 56, EV 95.6 MPH)
Matt Sinatro scores
Carl Nichols to third
Jay Greb to second
Runner from 3rd tries for Home, SAFE, throw by LF to home
Pitching: RHP Randall Rambis
Batting: RHB Stanley Baker 0-0: Called Strike
0-1: Ball
1-1: Ball
2-1: Ball
3-1: Foul Ball, location: 2F
3-2: Foul Ball, location: 2F
3-2: Base on Balls
Jay Greb to third
Porter Wyatt to second
Batting: RHB Johnny Evans 0-0: Called Strike
0-1: Ball
Wild Pitch!
Jay Greb scores
Porter Wyatt to third
Stanley Baker to second
1-1: Foul Ball, location: 2F
1-2: Strikes out swinging
Batting: LHB Gus Burgess 0-0: Ball
1-0: SINGLE (Groundball, 4D, EV 105.6 MPH)
Porter Wyatt scores
Stanley Baker to third
Runner from 3rd tries for Home, SAFE, throw by RF to home
Batting: LHB James Atkinson 0-0: Called Strike
Gus Burgess steals 2nd base
0-1: Called Strike
0-2: Ball
1-2: Ball
2-2: SINGLE (Line Drive, 78S, EV 98.1 MPH)
Gus Burgess to third
Runner from 3rd tries for Home, SAFE, throw by LF to home
Batting: RHB Lindon Duncan 0-0: Ball
1-0: DOUBLE (Line Drive, 7LM, EV 96.3 MPH)
James Atkinson to third
Runner from 3rd tries for Home, SAFE, no throw by LF
Batting: RHB Matt Sinatro 0-0: Foul Ball, location: 2F
0-1: Called Strike
0-2: Strikes out looking
Batting: RHB Carl Nichols 0-0: Ball
1-0: Ground out 5-3 (Groundball, 5, EV 85.6 MPH)
Bottom of the 4th over - 9 runs, 6 hits, 0 errors, 1 left on base; Daytona Beach 2 - Fort Myers 10
TOP OF THE 5TH
Daytona Beach Islanders batting - Pitching for Fort Myers Palms : RHP David LaBounty
Batting: SHB Michael Frierson 0-0: Called Strike
0-1: SINGLE (Groundball, 6S, EV 71.3 MPH) (infield hit)
Batting: RHB Juan Salinas 0-0: Ball
Michael Frierson steals 2nd base
1-0: Foul Ball, location: 2F
1-1: SINGLE (Groundball, 6D, EV 95.0 MPH)
Michael Frierson to third
Batting: LHB Jim Eppard 0-0: Called Strike
0-1: Called Strike
0-2: SINGLE (Groundball, 34D, EV 102.5 MPH)
Michael Frierson scores
Juan Salinas to second
Batting: RHB Gary Kempton 0-0: Called Strike
0-1: DOUBLE (Line Drive, 78D, EV 104.4 MPH)
Juan Salinas scores
Jim Eppard to third
Runner from 3rd tries for Home, SAFE, no throw by LF
Pitching: RHP Ignacio Martinez
Batting: RHB Jeff Rutledge 0-0: Called Strike
0-1: Foul Ball, location: 2F
0-2: Ground out U3 (Groundball, 3, EV 105.6 MPH)
Gary Kempton to third
Batting: RHB Kalvin Adams 0-0: Ball
1-0: Called Strike
1-1: Swinging Strike
1-2: Strikes out swinging
Batting: RHB Francisco Gonzalez 0-0: Called Strike
0-1: Ball
1-1: Foul Ball, location: 2F
1-2: Ground out 4-3 (Groundball, 4, EV 87.5 MPH)
Top of the 5th over - 3 runs, 4 hits, 0 errors, 1 left on base; Daytona Beach 5 - Fort Myers 10
BOTTOM OF THE 5TH
Fort Myers Palms batting - Pitching for Daytona Beach Islanders : RHP Randall Rambis
Batting: RHB Jay Greb 0-0: Ball
1-0: Ground out 5-3 (Groundball, 56, EV 100.0 MPH)
Batting: SHB Porter Wyatt 0-0: Called Strike
0-1: Fly out, F9 (Flyball, 89M, EV 91.9 MPH)
Batting: RHB Stanley Baker 0-0: Called Strike
0-1: Foul Ball, location: 2F
0-2: Ball
1-2: Ball
2-2: Strikes out swinging
Bottom of the 5th over - 0 runs, 0 hits, 0 errors, 0 left on base; Daytona Beach 5 - Fort Myers 10
TOP OF THE 6TH
Daytona Beach Islanders batting - Pitching for Fort Myers Palms : RHP Ignacio Martinez
Batting: RHB Columbus Duncan 0-0: Fly out, F8 (Flyball, 8RD, EV 106.3 MPH)
Batting: RHB Robert Whitfield 0-0: Ground out 6-3 (Groundball, 6S, EV 88.1 MPH)
Batting: SHB Michael Frierson 0-0: Ball
1-0: Ball
2-0: Ball
3-0: Called Strike
3-1: Called Strike
3-2: Fly out, F7 (Flyball, 78D, EV 95.6 MPH)
Top of the 6th over - 0 runs, 0 hits, 0 errors, 0 left on base; Daytona Beach 5 - Fort Myers 10
BOTTOM OF THE 6TH
Fort Myers Palms batting - Pitching for Daytona Beach Islanders : RHP Randall Rambis
Batting: RHB Johnny Evans 0-0: Fly out, F4 (Popup, 4D, EV 56.9 MPH)
Batting: LHB Gus Burgess 0-0: Swinging Strike
0-1: Called Strike
0-2: Ball
1-2: Ball
2-2: Strikes out swinging
Batting: LHB James Atkinson 0-0: Foul Ball, location: 2F
0-1: Ball
1-1: Ball
2-1: Ball
3-1: Swinging Strike
3-2: Base on Balls
Pitching: RHP Paul Tarango
Batting: RHB Lindon Duncan 0-0: Ball
1-0: Foul Ball, location: 2F
1-1: Foul Ball, location: 2F
1-2: Ball
2-2: Strikes out swinging
Bottom of the 6th over - 0 runs, 0 hits, 0 errors, 1 left on base; Daytona Beach 5 - Fort Myers 10
TOP OF THE 7TH
Daytona Beach Islanders batting - Pitching for Fort Myers Palms : RHP Ignacio Martinez
Batting: RHB Juan Salinas 0-0: Ball
1-0: Swinging Strike
1-1: Fly out, F7 (Flyball, 7LM, EV 92.5 MPH)
Pitching: LHP Al Heath
Batting: LHB Jim Eppard 0-0: Called Strike
0-1: Ball
1-1: Reached on error, E6 (Groundball, 6, EV 104.4 MPH)
Batting: RHB Gary Kempton 0-0: Ball
1-0: Ball
2-0: Ball
3-0: Base on Balls
Jim Eppard to second
Batting: RHB Jeff Rutledge 0-0: Ball
1-0: Foul Ball, location: 2F
1-1: Swinging Strike
1-2: Strikes out swinging
Batting: RHB Kalvin Adams 0-0: Ball
1-0: Foul Ball, location: 2F
1-1: Swinging Strike
1-2: Fielders Choice at 2nd, 6-4 (Groundball, 56, EV 86.9 MPH)
Top of the 7th over - 0 runs, 0 hits, 1 error, 2 left on base; Daytona Beach 5 - Fort Myers 10
BOTTOM OF THE 7TH
Fort Myers Palms batting - Pitching for Daytona Beach Islanders : RHP Paul Tarango
Batting: RHB Matt Sinatro 0-0: Called Strike
0-1: Ground out 6-3 (Groundball, 6, EV 80.6 MPH)
Batting: RHB Carl Nichols 0-0: Called Strike
0-1: Called Strike
0-2: Ball
1-2: Fly out, F9 (Line Drive, 9, EV 87.5 MPH)
Batting: RHB Jay Greb 0-0: Swinging Strike
0-1: Ground out 4-3 (Groundball, 34D, EV 106.3 MPH)
Bottom of the 7th over - 0 runs, 0 hits, 0 errors, 0 left on base; Daytona Beach 5 - Fort Myers 10
TOP OF THE 8TH
Daytona Beach Islanders batting - Pitching for Fort Myers Palms : LHP Al Heath
Batting: RHB Francisco Gonzalez 0-0: Ball
1-0: Called Strike
1-1: Foul Ball, location: 2F
1-2: Ball
2-2: Foul Ball, location: 2F
2-2: Strikes out swinging
Batting: RHB Columbus Duncan 0-0: Ball
1-0: Ball
2-0: Ball
3-0: Called Strike
3-1: Called Strike
3-2: Base on Balls
Batting: RHB Robert Whitfield 0-0: Ball
1-0: Ball
2-0: Ball
3-0: Called Strike
3-1: Base on Balls
Columbus Duncan to second
Batting: SHB Michael Frierson 0-0: Swinging Strike
0-1: Ball
1-1: Foul Ball, location: 2F
1-2: Strikes out swinging
Batting: RHB Juan Salinas 0-0: Fielders Choice at 2nd, 5-4 (Groundball, 56, EV 86.9 MPH)
Top of the 8th over - 0 runs, 0 hits, 0 errors, 2 left on base; Daytona Beach 5 - Fort Myers 10
BOTTOM OF THE 8TH
Fort Myers Palms batting - Pitching for Daytona Beach Islanders : RHP Paul Tarango
Batting: SHB Porter Wyatt 0-0: Called Strike
0-1: Ball
1-1: Foul Ball, location: 2F
1-2: Ball
2-2: Foul Ball, location: 2F
2-2: Fly out, F7 (Flyball, 78D, EV 90.0 MPH)
Batting: RHB Stanley Baker 0-0: Ball
1-0: Called Strike
1-1: Ball
2-1: Ball
3-1: Base on Balls
Batting: RHB Johnny Evans 0-0: DOUBLE (Line Drive, 3D, EV 98.8 MPH)
Stanley Baker to third
Runner from 3rd tries for Home, SAFE, throw by RF to home
Batting: LHB Gus Burgess 0-0: Ball
1-0: Called Strike
1-1: Ball
2-1: Foul Ball, location: 2F
2-2: Ball
3-2: SINGLE (Groundball, 34D, EV 95.6 MPH)
Johnny Evans to third
Runner from 3rd tries for Home, SAFE, throw by RF to home
Pinch Hitting: LHB Arthur Carlisi 0-0: Foul Ball, location: 2F
0-1: Foul Ball, location: 2F
0-2: Fly out, F3 (Popup, 3F, EV 60.0 MPH)
Batting: RHB Lindon Duncan 0-0: Ball
1-0: SINGLE (Line Drive, 56D, EV 100.6 MPH)
Gus Burgess to second
Batting: RHB Matt Sinatro 0-0: Ball
1-0: SINGLE (Flyball, 9LS, EV 90.6 MPH)
Gus Burgess to third
Lindon Duncan to second
Runner from 3rd tries for Home, SAFE, throw by RF to home
Batting: RHB Carl Nichols 0-0: Ball
1-0: Ball
2-0: Called Strike
2-1: Swinging Strike
2-2: Fielders Choice at 2nd, 6-4 (Groundball, 6, EV 101.9 MPH)
Bottom of the 8th over - 3 runs, 4 hits, 0 errors, 2 left on base; Daytona Beach 5 - Fort Myers 13
TOP OF THE 9TH
Daytona Beach Islanders batting - Pitching for Fort Myers Palms : LHP Al Heath
Now at 1B: Edgar Quintanilla
Pinch Hitting: RHB Larry Zerante 0-0: SINGLE (Flyball, 34D, EV 95.0 MPH) - OUT at second base trying to stretch hit.
Pinch Hitting: RHB Dale Jones 0-0: Called Strike
0-1: Called Strike
0-2: Strikes out swinging, 2-3 out at first.
Batting: RHB Jeff Rutledge 0-0: Ball
1-0: Fly out, F8 (Line Drive, 8RM, EV 100.6 MPH)
Top of the 9th over - 0 runs, 1 hit, 0 errors, 0 left on base; Daytona Beach 5 - Fort Myers 13
Wednesday, August 19th, 2020 - OOTP Baseball 21.5 Build 76